 Dungeon Crawl Stone Soup version 0.29.1-15-g9cfb28693d (webtiles) character file.

Game seed: 9238474541709073879

56 FaviusArthum the Conjurer (level 3, 0/32 HPs)
             Began as an Ogre Conjurer on Dec 7, 2023.
             Slain by a nameless horror (2 damage)
             ... created by miscasting Summon Guardian Golem
             ... on level 2 of the Dungeon.
             The game lasted 00:12:03 (3276 turns).

FaviusArthum the Conjurer (Ogre Conjurer)           Turns: 3276, Time: 00:12:03

Health: 0/32       AC:  3    Str: 11    XL:     3   Next: 97%
Magic:  0/7        EV:  9    Int: 21    God:
Gold:   65         SH:  0    Dex:  7    Spells: 1/7 levels left

rFire   . . .      SeeInvis .   m - +0 rapier
rCold   + . .      Faith    .   (no shield)
rNeg    . . .      Spirit   .   a - +0 robe
rPois   .          Reflect  .   j - +0 hat
rElec   .          Harm     .   (no cloak)
rCorr   .          Rampage  .   (gloves unavailable)
Will    .....                   (boots unavailable)
Stlth   +.........              (no amulet)
HPRegen 0.10/turn               h - ring of protection from cold
MPRegen 0.10/turn               (no ring)

@: very slightly contaminated, invisible
A: large, unfitting armour, tough skin 1
a: no special abilities


You were on level 2 of the Dungeon.
You visited 1 branch of the dungeon, and saw 2 of its levels.

You collected 65 gold pieces.

Inventory:

Hand Weapons
 c - a +0 whip
 d - a +0 spear
 m - a +0 rapier (weapon)
Armour
 a - a +0 robe (worn)
 j - a +0 hat (worn)
 o - a +0 helmet
Jewellery
 h - a ring of protection from cold (left hand)
Scrolls
 p - a scroll of poison
Potions
 b - a potion of magic
 e - 2 potions of curing {unknown}
 f - a potion of ambrosia {unknown}
 g - a potion of flight {unknown}
 k - 2 potions of lignification
 l - a potion of resistance {unknown}
 n - a potion of cancellation {unknown}


   Skills:
 + Level 0.4 Fighting
 + Level 0.4 Polearms
 * Level 0.6 Armour
 + Level 1.9 Dodging
 + Level 1.7 Stealth
 * Level 2.9 Spellcasting
 * Level 4.2 Conjurations
 * Level 0.2 Hexes


You had one spell level left.
You knew the following spells:

 Your Spells              Type           Power      Damage    Failure   Level
a - Magic Dart            Conj           80%        1d7       2%          1
b - Searing Ray           Conj           40%        2d5       3%          2
c - Summon Guardian Gole  Hex/Summ       3%         N/A       36%         3

Your spell library contained the following spells:

 Spells                   Type           Power      Damage    Failure   Level
 Summon Small Mammal      Summ           12%        N/A       13%         1
 Sandblast                Erth           6%         2d5       14%         1
 Dazzling Flash           Conj/Hex       24%        N/A       16%         3
 Stone Arrow              Conj/Erth      22%        3d8       17%         3
 Passwall                 Tmut/Erth      2%         N/A       21%         2
 Call Canine Familiar     Summ           3%         N/A       36%         3
 Fulminant Prism          Conj/Hex       6%         3d7       47%         4
 Iskenderun's Mystic Bla  Conj/Tloc      11%        2d4       50%         4


Dungeon Overview and Level Annotations

Branches:
Dungeon (2/15)

Altars:

Annotations:
D:2 Sigmund


Innate Abilities, Weirdness & Mutations

You are too large for most types of armour.
You have tough skin. (AC +1)


Message History

The nameless horror attacks as you move away!
The nameless horror closely misses you.
The nameless horror attacks as you move away!
The nameless horror barely misses you.
The nameless horror attacks as you move away!
The nameless horror barely misses you.
The nameless horror attacks as you move away!
The nameless horror hits you.
You feel your power leaking away.
A puff of flame appears from out of thin air!
The puff of flame hits the nameless horror!
There is an open door here.
The nameless horror attacks as you move away!
The nameless horror barely misses you.
The nameless horror attacks as you move away!
The nameless horror closely misses you.
You see here a +0 dagger.
Okay, then.
The nameless horror attacks as you move away!
The nameless horror hits you.
The nameless horror attacks as you move away!
The nameless horror hits you.
* * * LOW HITPOINT WARNING * * *
You feel your power leaking away.
The nameless horror attacks as you move away!
The nameless horror hits you.
* * * LOW HITPOINT WARNING * * *
You see here a +0 flail.
The nameless horror attacks as you move away!
The nameless horror hits you.
* * * LOW HITPOINT WARNING * * *
Sigmund gestures wildly while chanting.
Sigmund flickers and vanishes!
The nameless horror attacks as you move away!
The nameless horror hits you.
* * * LOW HITPOINT WARNING * * *
You feel your power leaking away.
The nameless horror attacks as you move away!
The nameless horror hits you.
You die...

.#...)...#.#......# ##
.##......#.#.####.### #.
.######..#.#........## #.
......†>..†..........# #.
.........#....#......############
#######..................).......
......#.......#<#.####..#########
.####.###########.#####..# .#
#.#.......)X@........## .#
#.#.##########........## .# #.#.#
#.........# .# #.#.#
#########.###### .# ##'#)##
#...[... .# #..{..# ##########
#....... ## #.....# #........#
##...... #.....#
#........#######...... #.....#
#.....................


You could see a nameless horror.

Vanquished Creatures
  2 adders (D:2)
  2 dart slugs (D:1)
  An orc (D:2)
  5 endoplasms
  A giant cockroach (D:1)
  3 goblins
  3 quokkas (D:1)
  6 ball pythons
  2 bats (D:1)
  2 frilled lizards
  2 kobolds (D:1)
  5 rats
34 creatures vanquished.

Notes
Turn   | Place    | Note
-------+----------+-------------------------------------------
     0 | D:1      | FaviusArthum the Ogre Conjurer began the quest for the Orb.
     0 | D:1      | Reached XP level 1. HP: 16/16 MP: 3/3
   350 | D:1      | Reached XP level 2. HP: 9/24 MP: 5/5
   631 | D:1      | Learned a level 2 spell: Searing Ray
   782 | D:1      | Reached skill level 4 in Conjurations
  1850 | D:1      | Reached XP level 3. HP: 29/31 MP: 5/7
  1854 | D:1      | Learned a level 3 spell: Summon Guardian Golem
  2557 | D:2      | Noticed Sigmund
  3235 | D:2      | Noticed a nameless horror
  3276 | D:2      | Slain by a nameless horror

Illustrated notes

Levels and vault maps discovered:
D:1:      shiori_arrival_oz, layout_basic
D:2:      layout_basic, uniq_sigmund

Skill      XL: |  1  2 |
---------------+-------+-----
Conjurations   | 4 |  4.2
Fighting       | |  0.4
Polearms       | |  0.4
Armour         | |  0.6
Dodging        | |  1.9
Stealth        | |  1.7
Spellcasting   | |  2.9
Hexes          | |  0.2

Action                   || total
-------------------------++-------
Melee: Spear             ||    65
       Whip              ||     6
       Rapier            ||     2
 Cast: Magic Dart        ||    37
       Searing Ray       ||     4
       Summon Guardian G ||     2
  Use: Scroll            ||     5
       Potion            ||     2
Armor: Robe              ||    34
Dodge: Dodged            ||    47
